 Dungeon Crawl Stone Soup version 0.29.0-4-gdea44cf6ec (webtiles) character file.

Game seed: 9467630741544388096

9286 qw the Cleaver (level 11, 0/67 HPs)
             Began as a Tengu Warper on Aug 28, 2022.
             Was an Elder of Okawaru.
             Slain by a cane toad (4 damage)
             ... on level 1 of the Lair of Beasts.
             The game lasted 00:01:37 (13391 turns).

qw the Cleaver (Tengu Warper)                      Turns: 13391, Time: 00:01:38

Health: 0/67       AC: 20    Str: 16    XL:     11   Next: 44%
Magic:  17/17      EV: 12    Int: 13    God:    Okawaru [****..]
Gold:   398        SH:  5    Dex: 14    Spells: 14/14 levels left

rFire   + . .      SeeInvis .   Y - +0 war axe
rCold   + . .      Faith    .   (no shield)
rNeg    . . .      Spirit   .   n - +3 chain mail {rC+}
rPois   .          Reflect  +   i - +2 hat
rElec   .          Harm     .   (no cloak)
rCorr   .          Rampage  .   u - +2 pair of gloves
Will    .....                   (boots unavailable)
Stlth   ..........              c - amulet of reflection
HPRegen 0.21/turn               m - ring of protection from fire
MPRegen 0.15/turn               (no ring)

@: lethally poisoned (0 -> -31), about to teleport, heroic, flying quickly and
evasively, quick
A: beak, talons 3, nimble flight
a: Renounce Religion, Heroism, Finesse


You were on level 1 of the Lair of Beasts.
You worshipped Okawaru.
Okawaru was greatly pleased with you.
You visited 3 branches of the dungeon, and saw 11 of its levels.

You collected 540 gold pieces.
You spent 142 gold pieces at shops.


Innate Abilities, Weirdness & Mutations

You have a beak for a mouth.
You have claws for feet.
Your magical nature lets you fly swiftly and evasively.


   Skills:
 - Level 7.0(12.0) Fighting
 - Level 14.0(19.0) Axes
 - Level 2.3(7.3) Throwing
 + Level 5.6(10.6) Armour
 - Level 4.0(9.0) Dodging
 - Level 2.0 Spellcasting
 - Level 2.4 Translocations
 + Level 6.9 Invocations


You had 14 spell levels left.
You didn't know any spells.
Your spell library contained the following spells:

 Spells                   Type           Power      Damage    Failure   Level
 Blink                    Tloc           14%        N/A       83%         2
 Gell's Gravitas          Tloc           7%         N/A       96%         3
 Lesser Beckoning         Tloc           7%         N/A       96%         3
 Teleport Other           Tloc           7%         N/A       96%         3
 Manifold Assault         Tloc           7%         N/A       100%        5

Inventory:

Hand Weapons
 p - a +0 morningstar
 Y - a +0 war axe (weapon)
Armour
 i - a +2 hat (worn)
 n - a +3 chain mail of cold resistance (worn)
 r - a +0 plate armour
 u - a +2 pair of gloves (worn)
Jewellery
 a - a ring of protection from cold
 c - an amulet of reflection (around neck)
 k - a ring of resist corrosion
 m - a ring of protection from fire (left hand)
Scrolls
 j - 3 scrolls of identify
 t - a scroll of teleportation
 w - a scroll of enchant armour
Potions
 b - a potion of cancellation
 d - 3 potions of curing
 e - 2 potions of haste
 f - a potion of resistance
 g - 2 potions of heal wounds
 h - a potion of might
 o - a potion of magic
 q - a potion of mutation {unknown}

Dungeon Overview and Level Annotations

Branches:
Dungeon (9/15)             Temple (1/1) D:4            Lair (1/5) D:8
    Orc: D:9-12

Altars:
Ashenzari
Cheibriados
Dithmenos
Elyvilon
Fedhas
Gozag
Hepliaklqana
Makhleb
Nemelex Xobeh
Okawaru
Qazlal
Ru
Sif Muna
Trog
Uskayaw
Vehumet
Wu Jian
Xom
Yredelemnul
The Shining One

Shops:
D:1 :   D:3 [

Portals:
Abyss: D:3

Annotations:
D:2 1 runed translucent door, Crazy Yiuf
D:3 2 transporters, qw's ghost, amateur TeWr
D:7 2 transporters, qw's ghost, novice TeWr


Message History

You are poisoned.
The cane toad poisons you!
You slash the bullfrog!
You kill the bullfrog!
Okawaru accepts your kill.
You hit the yak but do no damage. You hit the cane toad. You hit the yak.
You feel very sick. The yak gores you but does no damage.
You block the yak's attack.
The cane toad stings you but does no damage.
You hit the yak. You claw the yak. Your peck misses the yak.
The yak is heavily wounded.
You completely miss the yak. You barely miss the cane toad.
You feel sick. The cane toad stings you.
You are more poisoned.
The cane toad poisons you! The yak closely misses you. x2
You slash the yak! You claw the yak!
You kill the yak!
Okawaru accepts your kill.
You hit the yak but do no damage. You slash the cane toad!
You feel very sick. The cane toad stings you.
You are lethally poisoned!
The cane toad poisons you!
You slash the cane toad! Your peck misses the cane toad.
The cane toad is almost dead.
You slash the yak!
You feel extremely sick. The yak gores you but does no damage.
You hit the cane toad but do no damage. Your kick misses the cane toad.
The cane toad is almost dead.
You completely miss the yak.
You feel extremely sick. The cane toad stings you. The yak closely misses you.
13391 ||| READING 2 scrolls of teleportation.
As you read the scroll of teleportation, it crumbles to dust.
You feel strangely unstable.
You feel extremely sick. You block the cane toad's attack.
You block the yak's attack. The cane toad stings you.
You die...

..##..........#..##.##+##......
. #...8...8......#.............
#.....8.....#........../....#
.....8..(8...............#...#
.##..........#..#.......
#.#....#..#.......S...
...##.##....##........
.........##.#..S.....
......###@.#........ ##..##
#YF%......... .. ##..P........
#..##.####P. .... ... .. ......
... ...... ... F#.....# ##.


You could see a yak and a cane toad.

Vanquished Creatures
  A hydra (D:7)
  A two-headed ogre (D:8)
  A black mamba (Lair:1)
  2 cane toads (Lair:1)
  3 trolls
  Grinder (D:3)
  7 yaks
  A wyvern (D:5)
  A steam dragon (D:9)
  Edmund (D:5)
  5 water moccasins
  2 orc warriors (D:9)
  3 ice beasts
  A sky beast (D:7)
  4 black bears
  5 wolves (Lair:1)
  An ogre (D:6)
  2 centaurs
  A phantom (D:6)
  2 kobold brigands (D:9)
  A gnoll sergeant (D:8)
  5 bullfrogs
  2 necrophages
  2 scorpions
  6 wights
  4 killer bees
  An electric eel (Lair:1)
  8 howler monkeys
  A jelly (D:6)
  7 hounds
  8 orc priests
  3 gnoll boudas
  2 iguanas (D:6)
  Jessica (D:2)
  Ijyb (D:3)
  5 orc wizards
  Robin (D:2)
  18 gnolls
  7 adders
  4 white imps
  2 worms
  3 dart slugs
  44 orcs
  12 ball pythons
  4 endoplasms
  4 giant cockroaches
  9 hobgoblins
  11 jackals
  6 quokkas
  4 bats
  2 frilled lizards
  17 goblins
  19 kobolds
269 creatures vanquished.

Vanquished Creatures (others)
  5 fungi (D:8)
  7 plants
12 creatures vanquished.

Grand Total: 281 creatures vanquished

Notes
Turn   | Place    | Note
-------+----------+-------------------------------------------
     0 | D:1      | qw the Tengu Warper began the quest for the Orb.
     0 | D:1      | Reached XP level 1. HP: 12/12 MP: 4/4
     0 | D:1      | 0 ||| qw: Version: 0.1-a-89-g26bdef1
     0 | D:1      | 0 ||| qw: Game counter: 1708
     0 | D:1      | 0 ||| qw: Always use a shield: true
     0 | D:1      | 0 ||| qw: God list: Okawaru
     0 | D:1      | 0 ||| qw: Allow faded altars: false
     0 | D:1      | 0 ||| qw: Do Orc after D:15 true
     0 | D:1      | 0 ||| qw: Do second Lair branch before Depths: true
     0 | D:1      | 0 ||| qw: Lair rune preference: random
     0 | D:1      | 0 ||| qw: Plans: Normal
     0 | D:1      | 0 ||| PLANNING D:1-11
    99 | D:1      | 99 ||| Stepping ~*~*~tactically~*~*~ (stealth).
   109 | D:1      | Reached skill level 3 in Axes
   109 | D:1      | Reached XP level 2. HP: 16/17 MP: 6/6
   337 | D:1      | 337 ||| Stepping ~*~*~tactically~*~*~ (stealth).
   442 | D:1      | Found Tounewy's Vocational Training.
   594 | D:1      | Reached XP level 3. HP: 21/21 MP: 7/7
   755 | D:1      | 755 ||| DROPPING +0 club.
   778 | D:1      | Found a faded altar of an unknown god.
   867 | D:1      | 867 ||| UPGRADING to +0 ring mail.
   877 | D:1      | 877 ||| DROPPING +0 leather armour.
   878 | D:1      | 878 ||| UPGRADING to +0 chain mail.
   888 | D:1      | 888 ||| DROPPING +0 ring mail.
   889 | D:1      | 889 ||| DROPPING +6 ring of intelligence.
   890 | D:1      | 890 ||| READING scroll labelled PEOCO JUTAKK.
   891 | D:1      | 891 ||| READING scroll labelled DAETED VEIPS.
   892 | D:1      | 892 ||| READING 2 scrolls labelled KOUFUI LEFU.
   893 | D:1      | 893 ||| READING scroll labelled KELEVY RI MAO.
   894 | D:1      | 894 ||| DROPPING scroll of blinking.
   936 | D:2      | Noticed Jessica
   940 | D:2      | Killed Jessica
   941 | D:2      | Reached skill level 4 in Axes
   943 | D:2      | 943 ||| Stepping ~*~*~tactically~*~*~ (stealth).
   957 | D:2      | 957 ||| Stepping ~*~*~tactically~*~*~ (stealth).
   966 | D:2      | Reached XP level 4. HP: 23/26 MP: 8/8
  1047 | D:2      | 1047 ||| Stepping ~*~*~tactically~*~*~ (hiding).
  1073 | D:2      | Noticed Robin
  1088 | D:2      | Reached skill level 5 in Axes
  1089 | D:2      | Killed Robin
  1403 | D:2      | 1403 ||| SWAPPING to +0 war axe.
  1406 | D:2      | 1406 ||| DROPPING +1 hand axe.
  1484 | D:2      | Found a sparkling altar of Nemelex Xobeh.
  1606 | D:2      | Found a runed translucent door.
  1607 | D:2      | Noticed Crazy Yiuf
  1710 | D:2      | 1710 ||| READING scroll labelled QIR EHITARO.
  1711 | D:2      | 1711 ||| DRINKING 2 fizzy emerald potions.
  1712 | D:2      | 1712 ||| DROPPING potion of degeneration.
  1774 | D:3      | Found a shimmering altar of Xom.
  1776 | D:3      | 1776 ||| Stepping ~*~*~tactically~*~*~ (hiding).
  1783 | D:3      | Gained mutation: Your magical nature lets you fly swiftly
                  | and evasively. [Tengu growth]
  1783 | D:3      | Reached XP level 5. HP: 30/30 MP: 9/9
  1940 | D:3      | 1940 ||| FLEEEEING.
  1941 | D:3      | 1941 ||| FLEEEEING.
  1942 | D:3      | 1942 ||| FLEEEEING.
  1943 | D:3      | 1943 ||| FLEEEEING.
  1944 | D:3      | 1944 ||| FLEEEEING.
  1945 | D:3      | 1945 ||| FLEEEEING.
  2060 | D:3      | 2060 ||| DROPPING +0 whip.
  2088 | D:3      | 2088 ||| Stepping ~*~*~tactically~*~*~ (hiding).
  2102 | D:3      | Reached skill level 6 in Axes
  2110 | D:3      | 2110 ||| FLEEEEING.
  2111 | D:3      | 2111 ||| FLEEEEING.
  2112 | D:3      | 2112 ||| FLEEEEING.
  2113 | D:3      | 2113 ||| FLEEEEING.
  2121 | D:3      | 2121 ||| FLEEEEING.
  2122 | D:3      | 2122 ||| FLEEEEING.
  2138 | D:3      | 2138 ||| FLEEEEING.
  2139 | D:3      | 2139 ||| FLEEEEING.
  2140 | D:3      | 2140 ||| FLEEEEING.
  2141 | D:3      | 2141 ||| FLEEEEING.
  2142 | D:3      | 2142 ||| FLEEEEING.
  2143 | D:3      | 2143 ||| FLEEEEING.
  2144 | D:3      | 2144 ||| FLEEEEING.
  2145 | D:3      | 2145 ||| FLEEEEING.
  2146 | D:3      | 2146 ||| FLEEEEING.
  2150 | D:3      | 2150 ||| FLEEEEING.
  2151 | D:3      | 2151 ||| FLEEEEING.
  2160 | D:3      | 2160 ||| STAIRDANCE
  2422 | D:3      | 2422 ||| Stepping randomly (stuck).
  2423 | D:3      | 2423 ||| Stepping randomly (stuck).
  2424 | D:3      | 2424 ||| Stepping randomly (stuck).
  2425 | D:3      | 2425 ||| Stepping randomly (stuck).
  2460 | D:3      | Noticed a small abomination
  2470 | D:3      | Found a transporter.
  2488 | D:3      | Found a transporter.
  2581 | D:3      | Identified the +1 leather armour "Xuropyud" {MP-9 Int+5}
  2661 | D:3      | Noticed a small abomination
  2669 | D:3      | Noticed Ijyb
  2705 | D:3      | Killed Ijyb
  2706 | D:3      | Reached XP level 6. HP: 20/35 MP: 10/10
  2711 | D:3      | HP: 8/35 [worm (4)]
  2745 | D:3      | 2745 ||| FLEEEEING.
  2983 | D:3      | Found a one-way gate to the infinite horrors of the Abyss.
  2983 | D:3      | Noticed qw's ghost (amateur TeWr)
  3054 | D:3      | Found Rajipt's Antique Armour Emporium.
  3055 | D:3      | 3055 ||| Stepping ~*~*~tactically~*~*~ (hiding).
  3057 | D:3      | 3057 ||| Stepping ~*~*~tactically~*~*~ (hiding).
  3058 | D:3      | 3058 ||| Stepping ~*~*~tactically~*~*~ (hiding).
  3171 | D:3      | 3171 ||| BUYING glowing chain mail (142 gold).
  3171 | D:3      | Bought a glowing chain mail for 142 gold pieces
  3171 | D:3      | 3171 ||| SHOPLISTING runed orb (228 gold, have 14).
  3171 | D:3      | 3171 ||| SHOPLISTING runed plate armour (494 gold, have
                  | 14).
  3171 | D:3      | 3171 ||| SHOPLISTING shiny scale mail (133 gold, have 14).
  3183 | D:3      | Noticed Grinder
  3184 | D:3      | 3184 ||| Stepping ~*~*~tactically~*~*~ (hiding).
  3193 | D:3      | HP: 7/35 [Grinder/nerve-wracking pain (3)]
  3196 | D:3      | Killed Grinder
  3197 | D:3      | Reached skill level 7 in Axes
  3197 | D:3      | Reached XP level 7. HP: 8/40 MP: 11/11
  3300 | D:3      | 3300 ||| FLEEEEING.
  3301 | D:3      | 3301 ||| FLEEEEING.
  3302 | D:3      | 3302 ||| FLEEEEING.
  3303 | D:3      | 3303 ||| STAIRDANCE
  3480 | D:2      | 3480 ||| UPGRADING to +3 chain mail of cold resistance.
  3490 | D:2      | 3490 ||| DROPPING +0 chain mail.
  3491 | D:2      | 3491 ||| DROPPING amulet of magic regeneration.
  3492 | D:2      | 3492 ||| UPGRADING to ring of protection from fire.
  3493 | D:2      | 3493 ||| READING 2 scrolls labelled CILIBB OXKO.
  3494 | D:2      | 3494 ||| READING 2 scrolls labelled JAGROU RAHOU.
  3546 | D:2      | 3546 ||| DRINKING 2 sapphire potions.
  3547 | D:2      | 3547 ||| DRINKING 2 cyan potions.
  3548 | D:2      | 3548 ||| DRINKING 3 fuming clear potions.
  3649 | D:2      | 3649 ||| DROPPING scroll of noise.
  3650 | D:2      | 3650 ||| DROPPING 2 potions of ambrosia.
  3768 | D:3      | 3768 ||| Stepping ~*~*~tactically~*~*~ (stealth).
  3769 | D:3      | 3769 ||| Stepping ~*~*~tactically~*~*~ (stealth).
  3776 | D:3      | 3776 ||| Stepping ~*~*~tactically~*~*~ (hiding).
  3779 | D:3      | 3779 ||| Stepping ~*~*~tactically~*~*~ (hiding).
  3845 | D:3      | 3845 ||| FLEEEEING.
  4026 | D:4      | 4026 ||| Stepping ~*~*~tactically~*~*~ (hiding).
  4042 | D:4      | Reached skill level 3 in Fighting
  4045 | D:4      | HP: 10/41 [gnoll/+0 flail[a gnoll bouda] (3)]
  4046 | D:4      | 4046 ||| READING scroll of teleportation.
  4046 | D:4      | HP: 4/41 [gnoll/+0 flail[a gnoll bouda] (4)]
  4047 | D:4      | 4047 ||| DRINKING potion of heal wounds.
  4050 | D:4      | 4050 ||| Stepping ~*~*~tactically~*~*~ (stealth).
  4060 | D:4      | Reached skill level 8 in Axes
  4063 | D:4      | 4063 ||| Stepping ~*~*~tactically~*~*~ (stealth).
  4092 | D:4      | 4092 ||| Stepping ~*~*~tactically~*~*~ (stealth).
  4327 | D:4      | 4327 ||| Stepping ~*~*~tactically~*~*~ (stealth).
  4331 | D:4      | 4331 ||| Stepping ~*~*~tactically~*~*~ (stealth).
  4339 | D:4      | 4339 ||| Stepping ~*~*~tactically~*~*~ (stealth).
  4341 | D:4      | 4341 ||| Stepping ~*~*~tactically~*~*~ (stealth).
  4399 | D:4      | You are sucked into a shaft and drop 2 floors!
  4511 | D:6      | Reached skill level 9 in Axes
  4601 | D:6      | Reached skill level 3 in Armour
  4601 | D:6      | Reached XP level 8. HP: 17/46 MP: 12/12
  4841 | D:6      | 4841 ||| Stepping ~*~*~tactically~*~*~ (hiding).
  4853 | D:6      | HP: 6/46 [gnoll/+0 halberd[a gnoll bouda] (10)]
  4862 | D:6      | HP: 5/46 [gnoll bouda/+0 whip (1)]
  5130 | D:6      | 5130 ||| DRINKING 2 viscous blue potions.
  5160 | D:6      | 5160 ||| DROPPING potion of lignification.
  5165 | D:5      | Entered Level 5 of the Dungeon
  5197 | D:5      | Noticed a wyvern
  5205 | D:5      | Killed a wyvern
  5405 | D:5      | 5405 ||| DRINKING 2 purple potions.
  5423 | D:4      | Found a burning altar of Makhleb.
  5502 | D:4      | Found a staircase to the Ecumenical Temple.
  5503 | D:4      | 5503 ||| PLANNING TEMPLE
  5503 | D:4      | 5503 ||| READING scroll labelled HOIDWE LOMEUWA.
  5509 | Temple   | Entered the Ecumenical Temple
  5588 | Temple   | Became a worshipper of Warmaster Okawaru
  5606 | Temple   | 5606 ||| PLANNING D:1-11
  5845 | D:5      | 5845 ||| Stepping ~*~*~tactically~*~*~ (stealth).
  5936 | D:5      | Found a radiant altar of Vehumet.
  5981 | D:5      | 5981 ||| Stepping ~*~*~tactically~*~*~ (stealth).
  5984 | D:5      | 5984 ||| Stepping ~*~*~tactically~*~*~ (stealth).
  6250 | D:5      | Reached skill level 10 in Axes
  6580 | D:5      | Noticed Edmund
  6598 | D:5      | Killed Edmund
  6598 | D:5      | Reached * piety under Okawaru
  6789 | D:5      | 6789 ||| DROPPING +0 flail.
  6813 | D:5      | 6813 ||| READING scroll labelled HEFEMU DUMI.
  6951 | D:5      | 6951 ||| READING 2 scrolls of identify.
  6951 | D:5      | 6951 ||| IDENTIFYING dark potion
  6952 | D:5      | 6952 ||| DROPPING potion of attraction.
  7146 | D:6      | 7146 ||| INVOKING Heroism.
  7150 | D:6      | 7150 ||| Stepping ~*~*~tactically~*~*~ (stealth).
  7175 | D:6      | Found a blossoming altar of Fedhas.
  7184 | D:6      | 7184 ||| INVOKING Heroism.
  7197 | D:6      | Reached skill level 1 in Invocations
  7197 | D:6      | Reached XP level 9. HP: 49/54 MP: 11/13
  7215 | D:6      | 7215 ||| Stepping ~*~*~tactically~*~*~ (stealth).
  7225 | D:6      | 7225 ||| Stepping ~*~*~tactically~*~*~ (stealth).
  7226 | D:6      | 7226 ||| Stepping ~*~*~tactically~*~*~ (stealth).
  7227 | D:6      | 7227 ||| Stepping ~*~*~tactically~*~*~ (stealth).
  7229 | D:6      | 7229 ||| INVOKING Heroism.
  7236 | D:6      | 7236 ||| Stepping ~*~*~tactically~*~*~ (stealth).
  7360 | D:6      | Reached skill level 3 in Dodging
  7481 | D:6      | Reached skill level 11 in Axes
  7481 | D:6      | Reached skill level 3 in Invocations
  7584 | D:6      | Found a shadowy altar of Dithmenos.
  7666 | D:6      | Found a sacrificial altar of Ru.
  7794 | D:6      | 7794 ||| UPGRADING to amulet of reflection.
  7799 | D:6      | 7799 ||| READING 2 scrolls of identify.
  7799 | D:6      | 7799 ||| IDENTIFYING red potion
  7840 | D:7      | 7840 ||| Stepping ~*~*~tactically~*~*~ (stealth).
  7842 | D:7      | 7842 ||| Stepping ~*~*~tactically~*~*~ (hiding).
  7845 | D:7      | 7845 ||| INVOKING Heroism.
  7945 | D:7      | Found a transporter.
  7951 | D:7      | Found a transporter.
  7951 | D:7      | Noticed a hornet
  7951 | D:7      | Noticed qw's ghost (novice TeWr)
  7971 | D:7      | 7971 ||| INVOKING Heroism.
  7974 | D:7      | Noticed a queen bee
  8143 | D:7      | Noticed a troll
  8144 | D:7      | 8144 ||| INVOKING Heroism.
  8152 | D:7      | Killed a troll
  8152 | D:7      | Reached ** piety under Okawaru
  8378 | D:7      | Noticed a troll
  8379 | D:7      | 8379 ||| INVOKING Heroism.
  8385 | D:7      | Killed a troll
  8437 | D:7      | 8437 ||| Stepping ~*~*~tactically~*~*~ (hiding).
  8442 | D:7      | 8442 ||| INVOKING Heroism.
  8563 | D:7      | 8563 ||| INVOKING Heroism.
  8646 | D:7      | Reached skill level 12 in Axes
  8646 | D:7      | Reached XP level 10. HP: 49/59 MP: 14/14
  8788 | D:7      | Noticed a six-headed hydra
  8789 | D:7      | 8789 ||| Stepping ~*~*~tactically~*~*~ (stealth).
  8790 | D:7      | 8790 ||| INVOKING Heroism.
  8792 | D:7      | 8792 ||| SWAPPING to +0 flail of draining.
  8797 | D:7      | HP: 10/59 [six-headed hydra (8)]
  8798 | D:7      | 8798 ||| DRINKING 3 potions of heal wounds.
  8799 | D:7      | Killed a six-headed hydra
  8799 | D:7      | Reached *** piety under Okawaru
  8800 | D:7      | Reached skill level 6 in Fighting
  8800 | D:7      | 8800 ||| SWAPPING to +0 war axe.
  8802 | D:7      | 8802 ||| FLEEEEING.
  8803 | D:7      | 8803 ||| FLEEEEING.
  8804 | D:7      | 8804 ||| FLEEEEING.
  8805 | D:7      | 8805 ||| FLEEEEING.
  8806 | D:7      | 8806 ||| FLEEEEING.
  8807 | D:7      | 8807 ||| FLEEEEING.
  8808 | D:7      | 8808 ||| FLEEEEING.
  8809 | D:7      | 8809 ||| FLEEEEING.
  8810 | D:7      | 8810 ||| FLEEEEING.
  8818 | D:7      | 8818 ||| STAIRDANCE
  8968 | D:6      | 8968 ||| READING scroll labelled COSMAUCIOHI.
  8968 | D:6      | Identified a scroll of acquirement
  8968 | D:6      | 8968 ||| ACQUIRING +1 hat
  8968 | D:6      | Acquired a +1 hat
  8970 | D:6      | 8970 ||| UPGRADING to +1 hat.
  8975 | D:6      | 8975 ||| READING scroll labelled QOESUG NAGESI.
  8976 | D:6      | 8976 ||| READING scroll labelled LATUGI NYELL.
  8977 | D:6      | 8977 ||| READING scroll labelled UTZOESTRI WUYH.
  8985 | D:7      | 8985 ||| INVOKING Heroism.
  8987 | D:7      | 8987 ||| Stepping ~*~*~tactically~*~*~ (stealth).
  9018 | D:7      | 9018 ||| Stepping ~*~*~tactically~*~*~ (hiding).
  9019 | D:7      | 9019 ||| Stepping ~*~*~tactically~*~*~ (hiding).
  9021 | D:7      | 9021 ||| Stepping ~*~*~tactically~*~*~ (hiding).
  9031 | D:7      | 9031 ||| Stepping ~*~*~tactically~*~*~ (stealth).
  9056 | D:7      | 9056 ||| FLEEEEING.
  9135 | D:7      | 9135 ||| Stepping ~*~*~tactically~*~*~ (stealth).
  9140 | D:7      | 9140 ||| INVOKING Heroism.
  9168 | D:7      | 9168 ||| FLEEEEING.
  9169 | D:7      | 9169 ||| FLEEEEING.
  9170 | D:7      | 9170 ||| FLEEEEING.
  9171 | D:7      | 9171 ||| FLEEEEING.
  9172 | D:7      | 9172 ||| FLEEEEING.
  9173 | D:7      | 9173 ||| FLEEEEING.
  9174 | D:7      | 9174 ||| FLEEEEING.
  9175 | D:7      | 9175 ||| FLEEEEING.
  9176 | D:7      | 9176 ||| FLEEEEING.
  9177 | D:7      | 9177 ||| FLEEEEING.
  9178 | D:7      | 9178 ||| FLEEEEING.
  9179 | D:7      | 9179 ||| FLEEEEING.
  9180 | D:7      | 9180 ||| FLEEEEING.
  9182 | D:7      | 9182 ||| FLEEEEING.
  9183 | D:7      | 9183 ||| FLEEEEING.
  9184 | D:7      | 9184 ||| FLEEEEING.
  9185 | D:7      | 9185 ||| FLEEEEING.
  9187 | D:7      | 9187 ||| FLEEEEING.
  9189 | D:7      | 9189 ||| STAIRDANCE
  9406 | D:7      | 9406 ||| Stepping ~*~*~tactically~*~*~ (stealth).
  9571 | D:7      | 9571 ||| Stepping ~*~*~tactically~*~*~ (stealth).
  9574 | D:7      | 9574 ||| Stepping ~*~*~tactically~*~*~ (stealth).
  9576 | D:7      | 9576 ||| Stepping ~*~*~tactically~*~*~ (stealth).
  9657 | D:8      | Found a staircase to the Lair.
  9816 | D:8      | 9816 ||| Stepping ~*~*~tactically~*~*~ (stealth).
  9817 | D:8      | 9817 ||| Stepping ~*~*~tactically~*~*~ (stealth).
  9819 | D:8      | 9819 ||| Stepping ~*~*~tactically~*~*~ (hiding).
 10054 | D:8      | Found a hide-covered altar of Uskayaw.
 10058 | D:8      | 10058 ||| READING scroll of enchant armour.
 10058 | D:8      | 10058 ||| ENCHANTING +1 hat.
 10086 | D:8      | Noticed a two-headed ogre
 10087 | D:8      | 10087 ||| INVOKING Heroism.
 10097 | D:8      | HP: 11/61 [two-headed ogre/+0 giant club (23)]
 10098 | D:8      | 10098 ||| DRINKING 2 potions of heal wounds.
 10101 | D:8      | Killed a two-headed ogre
 10102 | D:8      | Reached skill level 13 in Axes
 10450 | D:8      | 10450 ||| INVOKING Heroism.
 10538 | D:8      | Found a stormy altar of Qazlal.
 10646 | D:8      | 10646 ||| Stepping ~*~*~tactically~*~*~ (stealth).
 10647 | D:8      | 10647 ||| Stepping ~*~*~tactically~*~*~ (stealth).
 10650 | D:8      | 10650 ||| INVOKING Heroism.
 10653 | D:8      | 10653 ||| Stepping ~*~*~tactically~*~*~ (stealth).
 10667 | D:8      | Reached **** piety under Okawaru
 10717 | D:8      | 10717 ||| DROPPING +0 flail of draining.
 10730 | D:8      | Found a white marble altar of Elyvilon.
 10791 | D:8      | 10791 ||| READING 3 scrolls of identify.
 10791 | D:8      | 10791 ||| IDENTIFYING emerald potion
 10792 | D:8      | 10792 ||| READING 2 scrolls of identify.
 10792 | D:8      | 10792 ||| IDENTIFYING metallic ruby potion
 10793 | D:8      | 10793 ||| DROPPING potion of invisibility.
 10912 | D:8      | 10912 ||| Stepping randomly (stuck).
 10930 | D:9      | 10930 ||| INVOKING Heroism.
 11190 | D:9      | 11190 ||| Stepping ~*~*~tactically~*~*~ (stealth).
 11195 | D:9      | 11195 ||| INVOKING Heroism.
 11246 | D:9      | 11246 ||| Stepping ~*~*~tactically~*~*~ (stealth).
 11253 | D:9      | 11253 ||| Stepping ~*~*~tactically~*~*~ (hiding).
 11456 | D:9      | Found a glowing golden altar of the Shining One.
 11515 | D:9      | 11515 ||| INVOKING Heroism.
 11635 | D:9      | 11635 ||| INVOKING Heroism.
 11642 | D:9      | Reached XP level 11. HP: 40/66 MP: 12/16
 12045 | D:9      | 12045 ||| INVOKING Heroism.
 12055 | D:9      | 12055 ||| Stepping ~*~*~tactically~*~*~ (stealth).
 12253 | D:9      | 12253 ||| UPGRADING to +2 pair of gloves.
 12258 | D:9      | 12258 ||| READING scroll labelled NEOCEG NUNAQU.
 12259 | D:9      | 12259 ||| READING scroll labelled WODAREKHLUM.
 12260 | D:9      | 12260 ||| READING scroll labelled FEDOHATHRELL.
 12361 | D:9      | 12361 ||| DRINKING 2 bubbling green potions.
 12362 | D:9      | 12362 ||| READING 4 scrolls of identify.
 12362 | D:9      | 12362 ||| IDENTIFYING fizzy pink potion
 12363 | D:9      | 12363 ||| READING 3 scrolls of identify.
 12363 | D:9      | 12363 ||| IDENTIFYING ruby potion
 12364 | D:9      | 12364 ||| READING 2 scrolls of identify.
 12364 | D:9      | 12364 ||| IDENTIFYING pink potion
 12365 | D:9      | 12365 ||| DROPPING potion of brilliance.
 12366 | D:9      | 12366 ||| DROPPING potion of flight.
 12435 | D:8      | 12435 ||| READING 3 scrolls of teleportation.
 12501 | D:8      | 12501 ||| PLANNING LAIR
 12564 | Lair:1   | Entered Level 1 of the Lair of Beasts
 12565 | Lair:1   | 12565 ||| INVOKING Heroism.
 12726 | Lair:1   | 12726 ||| INVOKING Heroism.
 12739 | Lair:1   | Reached skill level 14 in Axes
 12739 | Lair:1   | Reached skill level 6 in Invocations
 12749 | Lair:1   | 12749 ||| Stepping ~*~*~tactically~*~*~ (stealth).
 12750 | Lair:1   | 12750 ||| Stepping ~*~*~tactically~*~*~ (stealth).
 12751 | Lair:1   | 12751 ||| INVOKING Heroism.
 12769 | Lair:1   | 12769 ||| Stepping ~*~*~tactically~*~*~ (stealth).
 12772 | Lair:1   | 12772 ||| Stepping ~*~*~tactically~*~*~ (stealth).
 12776 | Lair:1   | 12776 ||| Stepping ~*~*~tactically~*~*~ (stealth).
 12783 | Lair:1   | 12783 ||| Stepping ~*~*~tactically~*~*~ (stealth).
 12784 | Lair:1   | 12784 ||| Stepping ~*~*~tactically~*~*~ (stealth).
 12797 | Lair:1   | 12797 ||| INVOKING Heroism.
 12823 | Lair:1   | 12823 ||| INVOKING Heroism.
 13108 | Lair:1   | 13108 ||| INVOKING Heroism.
 13112 | Lair:1   | 13112 ||| Stepping ~*~*~tactically~*~*~ (stealth).
 13155 | Lair:1   | 13155 ||| INVOKING Heroism.
 13176 | Lair:1   | 13176 ||| Stepping ~*~*~tactically~*~*~ (stealth).
 13290 | Lair:1   | 13290 ||| Stepping ~*~*~tactically~*~*~ (stealth).
 13297 | Lair:1   | 13297 ||| Stepping ~*~*~tactically~*~*~ (stealth).
 13299 | Lair:1   | 13299 ||| Stepping ~*~*~tactically~*~*~ (stealth).
 13370 | Lair:1   | 13370 ||| Stepping ~*~*~tactically~*~*~ (stealth).
 13372 | Lair:1   | 13372 ||| INVOKING Heroism.
 13390 | Lair:1   | HP: 13/67 [cane toad (6)]
 13391 | Lair:1   | 13391 ||| READING 2 scrolls of teleportation.
 13391 | Lair:1   | HP: 4/67 [poisoned by a cane toad]
 13391 | Lair:1   | Slain by a cane toad

Levels and vault maps discovered:
D:1:      minmay_arrival_shoal_huts, layout_basic,
          shapermc_ecumenical_altar_rom_forum, nicolae_shop_vocational
D:2:      layout_rooms, basic_altar, minmay_pentomino_pile, uniq_robin,
          uniq_crazy_yiuf_cottage, uniq_jessica
D:3:      layout_basic, amcnicky_altar_gilded, gammafunk_ghost_abyssal_escape,
          serial_shops, shop, grunt_ministairs_2, uniq_ijyb, uniq_grinder
D:4:      layout_basic, lightli_temple_of_fire, minmay_temple_entry_hall
D:5:      layout_basic, mainiacjoe_overflow_catwalk, uniq_edmund
D:6:      layout_basic, kennysheep_mini, fedhas_ov_isle_minmay,
          nicolae_ru_the_path_less_chosen
D:7:      minmay_opposing_rooms, layout_basic, gammafunk_ghost_hive,
          st_stairs_10, minmay_misc_feat_iff, minmay_unpleasant_kobolds
D:8:      layout_loops_corners, lemuel_crystal_altar,
          nicolae_uskayaw_dance_hall, nicolae_overflow_hidden_temple,
          dpeg_oklobed_lair
D:9:      layout_stronghold, tso_altar
Temple:   hellmonk_temple_beads
Lair:1:   layout_regular_city, portal_ice_cave_demonic_guard, lemuel_fruit_tree,
          infiniplex_staircase_pool, grunt_megastairs_2

Skill      XL: |  1  2  3  4  5  6  7  8  9 10 11 |
---------------+----------------------------------+-----
Axes           | 3 4 5 6 7 9 10 12 13 14 | 14.0
Armour         | 2 3 4 5 |  5.6
Fighting       | 3 5 6 7 |  7.0
Invocations    | 1 4 5 6 |  6.9
Dodging        | 3 4 |  4.0
Throwing       | 2 |  2.3
Spellcasting   | |  2.0
Translocations | |  2.4

Action                   |  1- 3 |  4- 6 |  7- 9 | 10-12 || total
-------------------------+-------+-------+-------+-------++-------
Melee: Hand axe          |    51 |    22 |       |       ||    73
       Kick              |    10 |    15 |    97 |    90 ||   212
       Peck              |     6 |     6 |    57 |    53 ||   122
       Punch             |     1 |       |     8 |     4 ||    13
       War axe           |       |    76 |   331 |   292 ||   699
       Flail             |       |       |       |     6 ||     6
Throw: Boomerang         |     7 |       |    13 |    12 ||    32
Invok: Heroism           |       |       |     9 |    19 ||    28
  Use: Scroll            |     4 |     1 |     7 |    15 ||    27
       Potion            |       |     1 |     6 |     3 ||    10
Armor: Leather armour    |     8 |       |       |       ||     8
       Chain mail        |     8 |    72 |   156 |   104 ||   340
Dodge: Dodged            |    24 |    37 |   137 |   125 ||   323
Block: Other             |       |       |    13 |    45 ||    58
       Reflection        |       |       |     3 |     2 ||     5

Table legend:
 A = Non-vault XP
 B = Vault XP
 C = Vault XP percentage of total XP
 D = Non-vault monster count
 E = Vault monster count
 F = Vault count percentage of total count
                 A         B        C        D         E       F
            +---------+---------+-------+---------+---------+-------
      Total |   10541 |    2726 |  20.5 |     223 |      46 |  17.1
            +---------+---------+-------+---------+---------+-------
        D:1 |      37 |       0 |   0.0 |      21 |       0 |   0.0
        D:2 |      35 |      85 |  70.8 |      10 |      19 |  65.5
        D:3 |     116 |     396 |  77.3 |      20 |       7 |  25.9
        D:4 |     394 |       0 |   0.0 |      30 |       0 |   0.0
        D:5 |     699 |     158 |  18.4 |      19 |       1 |   5.0
        D:6 |    1234 |       0 |   0.0 |      27 |       0 |   0.0
        D:7 |    1110 |    1936 |  63.6 |      26 |      18 |  40.9
        D:8 |    1669 |       0 |   0.0 |      17 |       0 |   0.0
        D:9 |    2198 |       0 |   0.0 |      37 |       0 |   0.0
     Lair:1 |    3049 |     151 |   4.7 |      16 |       1 |   5.9
            +---------+---------+-------+---------+---------+-------
